 Dungeon Sprint DCSS version 0.21.0-3-g78d12a8 (webtiles) character file.

40172 wojtek the Executioner (level 13, -2/134 HPs)
             Began as a Minotaur Berserker on Jan 15, 2018.
             Was a High Priest of Trog.
             Slain by an acid blob (25 damage)
             ... while paralysed by a floating eye
             ... in the Dungeon (Sprint III: "The Ten Rune Challenge").
             The game lasted 00:15:54 (5315 turns).

wojtek the Executioner (Minotaur Berserker)         Turns: 5315, Time: 00:15:54

Health: -2/134     AC: 18    Str: 25    XL:     13   Next: 2%
Magic:  12/12      EV:  2    Int:  4    God:    Trog [*****.]
Gold:   3076       SH:  0    Dex: 12    Spells: 12/12 levels left

rFire    . . .     SeeInvis +   B - +2 executioner's axe (flame)
rCold    . . .     Gourm    .   (shield currently unavailable)
rNeg     . . .     Faith    .   w - +0 plate armour
rPois    .         Spirit   .   C - +0 hat {SInv}
rElec    .         Reflect  .   (no cloak)
rCorr    .         Harm     .   (no gloves)
MR       .....     NoTele   +   (no boots)
Stlth    ..........             (no amulet)
HPRegen  0.32/turn              (no ring)
MPRegen  0.13/turn              (no ring)

@: paralysed, very slightly contaminated
A: retaliatory headbutt, horns 2
}: 1/10 runes: serpentine
a: Berserk, Trog's Hand, Brothers in Arms, Burn Spellbooks, Renounce Religion


You were in the Dungeon.
You worshipped Trog.
Trog was extremely pleased with you.
You were not hungry.

You visited 1 branch You collected 3401 gold pieces.
You spent 325 gold pieces at shops.

Inventory:

Hand Weapons
 a - a +0 hand axe
 j - a +2 antimagic broad axe
 u - a +4 broad axe of venom
 v - a +5 battleaxe of venom
 x - a +3 antimagic battleaxe
 y - a +0 antimagic executioner's axe
 A - a +1 battleaxe of flaming
 B - a +2 executioner's axe of flaming (weapon)
 E - a +3 battleaxe of chopping
 F - the +1 battleaxe of Attainder {chop, +Rage Int+5}
   (Trog gifted it to you in the Dungeon)

   It inflicts extra damage upon your enemies.
   It affects your intelligence (+5).
   It lets you go berserk.
Armour
 b - a +0 animal skin
 w - a +0 plate armour (worn)
 C - a +0 hat of see invisible (worn)
Jewellery
 D - an uncursed ring of ice
Wands
 s - a wand of flame (28)
Scrolls
 i - a scroll of blinking
 k - a scroll of immolation {unknown}
 l - 2 scrolls of identify {unknown}
 m - a scroll of remove curse {unknown}
 o - a scroll of torment {unknown}
 p - a scroll of amnesia {unknown}
Potions
 d - 2 potions of curing
 e - a potion of heal wounds
 f - a potion of haste
 g - 2 potions of magic
 h - 2 potions of berserk rage
 n - 4 potions of flight
 q - 2 potions of agility {unknown}
 r - 4 potions of mutation
 z - 2 potions of degeneration {unknown}
Miscellaneous
 t - a phial of floods
Comestibles
 c - 11 rations


   Skills:
 + Level 17.9 Fighting
 * Level 23.6 Axes
 + Level 17.8 Armour
 + Level 16.5 Dodging


You had 12 spell levels left.
You didn't know any spells.

Dungeon Overview and Level Annotations

Branches:
Dungeon (1/1)

Altars:
Cheibriados
Dithmenos
Elyvilon
Fedhas
Gozag
Hepliaklqana
Kikubaaqudgha
Makhleb
Nemelex Xobeh
Okawaru
Qazlal
Ru
Sif Muna
Trog
Uskayaw
Vehumet
Wu Jian
Xom
Yredelemnul
Zin
The Shining One
Beogh
Jiyva
Lugonu

Shops:
D (=!*


Innate Abilities, Weirdness & Mutations

You reflexively headbutt those who attack you in melee.
You have a pair of horns on your head.


Message History

There is an open door to the Pits of Slime here.
You close the door.
You start resting.
You hear a distant slurping noise.
The door mysteriously vanishes.
An acid blob is nearby!
An acid blob is nearby!
Blink to where?
Press: ? - help, Dir - move target cursor You are very lightly contaminated with residual magic.
As you read the scroll of blinking, it crumbles to dust.
You fail to use your ability.
Which direction?
You can't close doors on yourself!
There isn't anything here!
The floating eye gazes piercingly through you!
You suddenly lose the ability to move!
The floating eye's stare focuses on you.
The acid blob hits you!!
You die...

▓▓▓▓▓▓▓▓▓▓▓▓▓▓▓▓▓▓▓
▓...'÷≈≈§§.≈≈≈♣♣...
▓...#†≈§§≈§≈≈.♣♣.≈≈
▓..P#≈≈§≈§§..≈≈'÷..
▓..P#.≈≈§§§≈≈≈♣♣♣♣♣
▓..[#≈≈≈≈.≈≈≈≈♣
▓##'####'#######♣
▓.........[.....♣♣
▓#@#############'♣
▓.J.#≈P..........♣
▓(..'≈≈...########♣
▓.G)#≈≈≈...........
▓...#≈≈≈≈...PP.....
#.#############'###
##.###### #.)..
##.#...### #....
#.......# #####


You could see an acid blob and a floating eye.

Vanquished Creatures
  Rupert (D)
  4 azure jellies (D)
  A nagaraja (D)
  4 anacondas (D)
  Erica (D)
  2 death yaks (D)
  A centaur warrior (D)
  An unseen horror (D)
  A deep elf mage (D)
  8 black mambas (D)
  2 spiny frogs (D)
  A rime drake (D)
  A komodo dragon (D)
  A queen bee (D)
  3 wandering mushrooms (D)
  5 blink frogs (D)
  A shadow (D)
  A spatial vortex (D)
  8 water moccasins (D)
  A swamp drake (D)
  A necrophage (D)
  2 centaurs (D)
  An earth elemental (D)
  A water elemental (D)
  23 killer bees (D)
  A jelly (D)
  A wizard (D)
  Jessica (D)
  An orc wizard (D)
  A necromancer (D)
  A kobold demonologist (D)
  3 humans (D)
  A wolf (D)
  An adder (D)
  2 oozes (D)
  2 orcs (D)
  A rat (D)
  4 plants (D)
96 creatures vanquished.

Vanquished Creatures (collateral kills)
  An acid blob (D)
  Gastronok (D)
  2 dire elephants (D)
  A naga warrior (D)
  An anaconda (D)
  2 orc high priests (D)
  2 death yaks (D)
  2 shining eyes (D)
  2 elephants (D)
  A guardian serpent (D)
  3 blink frogs (D)
  2 nagas (D)
  A floating eye (D)
  A water moccasin (D)
  An orc warrior (D)
  9 killer bees (D)
  2 orc priests (D)
  2 orc wizards (D)
  8 orcs (D)
44 creatures vanquished.

Vanquished Creatures (others)
  2 draconian scorchers (D)
  A hydra (D)
  6 hellions (D)
  3 yaktaurs (D)
  5 plants (D)
17 creatures vanquished.

Grand Total: 157 creatures vanquished

Notes
Turn   | Place    | Note
-------+----------+-------------------------------------------
     0 | D        | wojtek the Minotaur Berserker began the quest for the Orb.
     0 | D        | Reached XP level 1. HP: 19/19 MP: 0/0
    11 | D        | Reached skill level 4 in Axes
    16 | D        | Reached XP level 2. HP: 17/27 MP: 1/1
    76 | D        | Killed a yaktaur
    89 | D        | Noticed Jessica
    94 | D        | HP: 1/27 [Jessica/nerve-wracking pain (14)]
    96 | D        | Killed Jessica
    96 | D        | Reached ** piety under Trog
    96 | D        | Reached skill level 6 in Axes
    96 | D        | Reached XP level 3. HP: 2/35 MP: 2/2
   117 | D        | Killed a hellion
   118 | D        | Killed a hellion
   118 | D        | Killed a hellion
   120 | D        | Killed a hellion
   126 | D        | Killed a white draconian scorcher
   128 | D        | Killed a white draconian scorcher
   141 | D        | Killed a hellion
   157 | D        | Killed a hellion
   313 | D        | Killed an eight-headed hydra
   433 | D        | Reached skill level 5 in Fighting
   488 | D        | Reached *** piety under Trog
   488 | D        | Reached XP level 4. HP: 34/42 MP: 3/3
   590 | D        | Noticed a water elemental
   594 | D        | Killed a water elemental
   594 | D        | Reached skill level 8 in Axes
   594 | D        | Reached skill level 5 in Armour
   594 | D        | Reached skill level 5 in Dodging
   639 | D        | Found a radiant altar of Vehumet.
   639 | D        | Found a deep blue altar of Sif Muna.
   639 | D        | Found an ancient bone altar of Kikubaaqudgha.
   639 | D        | Noticed a wizard
   641 | D        | Killed a wizard
   641 | D        | Reached XP level 5. HP: 51/51 MP: 4/4
   647 | D        | Noticed a rust devil
   651 | D        | Reached **** piety under Trog
   651 | D        | Reached skill level 9 in Axes
   658 | D        | Reached ***** piety under Trog
   687 | D        | Found a glowing silver altar of Zin.
   687 | D        | Found a glowing golden altar of the Shining One.
   687 | D        | Found a white marble altar of Elyvilon.
   688 | D        | Noticed a deep elf mage
   704 | D        | Killed a deep elf mage
   704 | D        | Reached skill level 11 in Axes
   704 | D        | Reached XP level 6. HP: 63/63 MP: 5/5
   704 | D        | Reached XP level 7. HP: 70/70 MP: 6/6
   735 | D        | Killed a yaktaur
   748 | D        | Found a hide-covered altar of Uskayaw.
   748 | D        | Found a roughly hewn altar of Beogh.
   748 | D        | Found an iron altar of Okawaru.
   748 | D        | Found a bloodstained altar of Trog.
   748 | D        | Found an ornate altar of the Wu Jian Council.
   748 | D        | Noticed a human
   748 | D        | Noticed a human
   754 | D        | Killed a human
   754 | D        | Reached skill level 12 in Axes
   758 | D        | Killed a human
   823 | D        | Found a basalt altar of Yredelemnul.
   823 | D        | Found a shadowy altar of Dithmenos.
   823 | D        | Found a sacrificial altar of Ru.
   827 | D        | Received a gift from Trog
   832 | D        | Reached skill level 13 in Axes
   881 | D        | Noticed a shadow
   886 | D        | Killed a shadow
   886 | D        | Received a gift from Trog
   886 | D        | Reached skill level 10 in Fighting
   886 | D        | Reached XP level 8. HP: 79/79 MP: 7/7
   936 | D        | Found a blossoming altar of Fedhas.
   936 | D        | Found a stormy altar of Qazlal.
   937 | D        | Found a snail-covered altar of Cheibriados.
   937 | D        | Found a burning altar of Makhleb.
   937 | D        | Found a hazy altar of Hepliaklqana.
   937 | D        | Found a shimmering altar of Xom.
   937 | D        | Found an opulent altar of Gozag.
   937 | D        | Found a sparkling altar of Nemelex Xobeh.
   937 | D        | Found a corrupted altar of Lugonu.
   937 | D        | Found a viscous altar of Jiyva.
   945 | D        | Reached ****** piety under Trog
   945 | D        | Reached skill level 10 in Armour
  1044 | D        | Noticed Erica
  1067 | D        | Killed Erica
  1067 | D        | Received a gift from Trog
  1067 | D        | Reached skill level 14 in Axes
  1067 | D        | Reached skill level 10 in Dodging
  1262 | D        | Found Viub's Assorted Antiques.
  1280 | D        | Noticed an orc high priest
  1281 | D        | Received a gift from Trog
  1295 | D        | Reached XP level 9. HP: 82/89 MP: 2/8
  1299 | D        | Noticed an orc high priest
  1299 | D        | Killed an orc high priest
  1299 | D        | Reached skill level 15 in Axes
  1302 | D        | Killed an orc high priest
  1315 | D        | Received a gift from Trog
  1627 | D        | Noticed a centaur warrior
  1630 | D        | Reached skill level 16 in Axes
  1634 | D        | Killed a centaur warrior
  1695 | D        | Killed an unseen horror
  1695 | D        | Received a gift from Trog
  1695 | D        | Reached skill level 17 in Axes
  1695 | D        | Reached XP level 10. HP: 61/100 MP: 3/9
  1944 | D        | Received a gift from Trog
  2265 | D        | Received a gift from Trog
  2343 | D        | Received a gift from Trog
  2346 | D        | Received a gift from Trog
  2429 | D        | Reached skill level 18 in Axes
  2620 | D        | Noticed a spiny frog
  2620 | D        | Noticed a spiny frog
  2623 | D        | Killed a spiny frog
  2627 | D        | Killed a spiny frog
  2687 | D        | Received a gift from Trog
  2918 | D        | Reached skill level 19 in Axes
  2918 | D        | Reached XP level 11. HP: 97/111 MP: 3/10
  2925 | D        | Received a gift from Trog
  2980 | D        | Noticed Rupert
  2992 | D        | Killed Rupert
  2992 | D        | Reached skill level 15 in Fighting
  3204 | D        | Noticed a dire elephant
  3204 | D        | Noticed a dire elephant
  3204 | D        | Noticed Gastronok
  3212 | D        | Killed a dire elephant
  3212 | D        | Reached skill level 20 in Axes
  3218 | D        | Killed a dire elephant
  3218 | D        | Reached skill level 15 in Armour
  3230 | D        | Killed Gastronok
  3468 | D        | Noticed an azure jelly
  3468 | D        | Noticed an azure jelly
  3468 | D        | Noticed an azure jelly
  3469 | D        | Noticed an azure jelly
  3478 | D        | Killed an azure jelly
  3481 | D        | Killed an azure jelly
  3481 | D        | Reached skill level 21 in Axes
  3483 | D        | Killed an azure jelly
  3488 | D        | Killed an azure jelly
  3488 | D        | Reached XP level 12. HP: 62/122 MP: 3/11
  3747 | D        | Noticed a death yak
  3748 | D        | Noticed a death yak
  3748 | D        | Noticed a death yak
  3750 | D        | Noticed a death yak
  3752 | D        | Killed a death yak
  3754 | D        | Received a gift from Trog
  3758 | D        | Received a gift from Trog
  3759 | D        | Killed a death yak
  3759 | D        | Reached skill level 15 in Dodging
  3759 | D        | Killed a death yak
  3768 | D        | Killed a death yak
  3785 | D        | Reached skill level 22 in Axes
  3815 | D        | Noticed an anaconda
  3818 | D        | Killed an anaconda
  3823 | D        | Noticed an anaconda
  3825 | D        | Received a gift from Trog
  3829 | D        | Noticed an anaconda
  3830 | D        | Killed an anaconda
  3835 | D        | Killed an anaconda
  4087 | D        | Noticed an anaconda
  4087 | D        | Noticed an anaconda
  4095 | D        | Killed an anaconda
  4097 | D        | Killed an anaconda
  4097 | D        | Received a gift from Trog
  4103 | D        | Got a warped battleaxe {god gift}
  4169 | D        | Identified the +1 battleaxe of Attainder {chop, +Rage Int+5} (Trog gifted it to you in the Dungeon)
  4539 | D        | Reached skill level 23 in Axes
  4552 | D        | Received a gift from Trog
  4752 | D        | Noticed a naga warrior
  4753 | D        | Noticed a nagaraja
  4756 | D        | Found Xocublig's Antique Weapon Boutique.
  4756 | D        | Found Raotsin's Jewellery Emporium.
  4758 | D        | Killed a naga warrior
  4759 | D        | Found Mannoluf's Distillery.
  4761 | D        | Killed a nagaraja
  4761 | D        | Received a gift from Trog
  4781 | D        | Got a serpentine rune of Zot
  4796 | D        | Bought an uncursed ring of ice for 325 gold pieces
  4934 | D        | Noticed an acid blob
  4945 | D        | Killed an acid blob
  4945 | D        | Reached XP level 13. HP: 43/134 MP: 12/12
  5302 | D        | Noticed an acid blob
  5314 | D        | Paralysed by a floating eye for 4 turns
  5315 | D        | Slain by an acid blob

Skill      XL: |  1  2  3  4  5  6  7  8  9 10 11 12 |
---------------+-------------------------------------+-----
Fighting       | 4 5 6 9 10 11 12 14 16 17 | 17.9
Axes           | 4 6 8 11 13 14 17 19 21 23 | 23.6
Armour         | 3 4 6 8 9 11 12 14 16 17 | 17.8
Dodging        | 3 4 5 7 9 10 11 13 14 16 | 16.5

Action                   |  1- 3 |  4- 6 |  7- 9 | 10-12 | 13-15 || total
-------------------------+-------+-------+-------+-------+-------++-------
Melee: Hand axe          |    20 |    28 |    38 |       |       ||    86
       Headbutt          |     4 |     3 |    14 |    40 |       ||    61
       Broad axe         |       |       |    35 |    47 |       ||    82
       Executioner's axe |       |       |       |   137 |       ||   137
       Battleaxe         |       |       |       |    16 |       ||    16
Invok: Berserk           |     1 |     3 |     6 |     4 |       ||    14
       Burn Spellbooks   |       |     1 |       |       |       ||     1
       Brothers in Arms  |       |       |     2 |    12 |     1 ||    15
Evoke: Wand              |       |       |     3 |       |       ||     3
  Use: Scroll            |       |       |       |       |     1 ||     1
 Stab: Sleeping          |     1 |       |       |       |       ||     1
       Confused          |       |       |       |     1 |       ||     1
  Eat: Chunk             |       |     1 |     9 |     4 |       ||    14
       Ration            |       |     1 |       |     4 |     1 ||     6
Armor: Animal skin       |     2 |     1 |     1 |       |       ||     4
       Plate armour      |       |       |     9 |    94 |     1 ||   104
Dodge: Dodged            |    12 |     7 |    25 |   131 |       ||   175
